 Dungeon Crawl Stone Soup version 0.31-a0-700-gf13585253f (webtiles) character file.

Game seed: 8526745591738061422

112 qw the Shooter (level 4, 0/28 HPs)
             Began as a Gargoyle Hunter on Sept 7, 2023.
             Slain by a goblin
             ... wielding a +0 dagger
             ... led by Robin
              (3 damage)
             ... on level 3 of the Dungeon.
             The game lasted 00:00:40 (1491 turns).

qw the Shooter (Gargoyle Hunter)                    Turns: 1491, Time: 00:00:41

Health: 0/28       AC: 11    Str: 22    XL:     4   Next: 95%
Magic:  4/4        EV: 12    Int:  8    God:
Gold:   36         SH:  0    Dex: 19    Spells: 3/3 levels left

rFire   . . .        Y - +0 shortbow
rCold   . . .        (shield currently unavailable)
rNeg    + . .        c - +0 leather armour
rPois   inf          (no helmet)
rElec   +            (no cloak)
rCorr   .            k - +0 pair of gloves
SInv    .            (no boots)
Will    .....        (no amulet)
Stlth   ++           d - +6 ring of dexterity
HPRegen 0.24/turn    j - +4 ring of protection
MPRegen 0.09/turn

%: no passive effects
@: about to teleport, flying
A: sickness immunity, AC +3, negative energy resistance 1, electricity
resistance, torment resistance 1, petrification resistance, big wings, strong 2
a: no special abilities


You were on level 3 of the Dungeon.
You visited 1 branch of the dungeon, and saw 3 of its levels.

You collected 36 gold pieces.


Innate Abilities, Weirdness & Mutations

You are immune to sickness and miasma.
Your stone body is resilient. (AC +3)
You are immune to poison.
You resist negative energy. (rN+)
You are resistant to electric shocks. (rElec)
You are resistant to unholy torment.
You are immune to petrification.
Your large and strong wings let you fly.
Your muscles are very strong. (Str +8, Int/Dex -2)


   Skills:
 - Level 3.0 Fighting
 + Level 5.8 Ranged Weapons
 - Level 1.5 Dodging
 - Level 1.1 Stealth


You had 3 spell levels left.
You didn't know any spells.
Your spell library was empty.

Inventory:

Hand Weapons
 Y - a +0 shortbow (weapon)
Armour
 c - a +0 leather armour (worn)
 k - a +0 pair of gloves (worn)
Jewellery
 d - a +6 ring of dexterity (left hand)
 j - a +4 ring of protection (right hand)
Scrolls
 a - 2 scrolls of teleportation
Potions
 b - a potion of haste {unknown}
 e - a potion of degeneration {unknown}
 f - a potion of mutation
 h - 2 potions of resistance
 i - a potion of curing {unknown}

Dungeon Overview and Level Annotations

Branches:
Dungeon (3/15)

Altars:

Annotations:
D:3 Robin


Message History

The goblin is moderately wounded.
The goblin hits you but does no damage. The goblin hits you with a +0 club.
The goblin hits you with a +0 dagger.
You shoot an arrow. The arrow hits the goblin.
You kill the goblin!
The goblin closely misses you. x2
A goblin comes into view. It is wielding a +0 club.
You shoot an arrow. The arrow hits the goblin!
You kill the goblin!
The hobgoblin barely misses you. The goblin barely misses you.
The goblin hits you with a +0 club. The hobgoblin barely misses you. x2
The goblin hits you but does no damage. The goblin barely misses you.
You shoot an arrow. The arrow closely misses the hobgoblin.
The hobgoblin hits you but does no damage.
The goblin closely misses you. The goblin hits you with a +0 dagger.
The hobgoblin barely misses you.
You shoot an arrow.
The arrow hits the hobgoblin but does no damage.
The hobgoblin no longer looks unusually strong.
The hobgoblin hits you but does no damage.
The goblin closely misses you. The goblin hits you but does no damage.
The hobgoblin barely misses you.
You shoot an arrow. The arrow hits the hobgoblin.
The hobgoblin is moderately wounded.
The goblin no longer looks unusually strong.
The hobgoblin hits you but does no damage.
The goblin closely misses you. The goblin hits you with a +0 dagger.
The hobgoblin hits you but does no damage.
1490 ||| READING 3 scrolls of teleportation.
As you read the scroll of teleportation, it crumbles to dust.
You feel strangely unstable.
Robin roars a battlecry!
The goblins go into a battle-frenzy!
The hobgoblin closely misses you. The goblin hits you but does no damage.
The hobgoblin closely misses you. The goblin hits you but does no damage.
You shoot an arrow. The arrow closely misses the hobgoblin.
The hobgoblin hits you but does no damage.
The goblin hits you but does no damage. The hobgoblin hits you.
The goblin hits you with a +0 dagger.
You die...

.#.# #..#.........#
.#.######............#
....../.|.##.........#
...############...####
#..# #...# #..# #...#
#..# ##.## #..#
#######.# #...
......g@# ##...
......gggggg... #####
.######.####### # #.#
#.. ##. . .#


You could see Robin, 4 hobgoblins and 2 goblins.

Vanquished Creatures
  4 adders
  An ufetubus (D:3)
  2 worms (D:2)
  A dart slug (D:2)
  An orc (D:3)
  5 bats
  3 endoplasms
  3 giant cockroaches
  6 goblins
  6 hobgoblins
  6 jackals
  3 quokkas (D:1)
  6 ball pythons
  3 frilled lizards
  6 kobolds (D:1)
  5 rats
61 creatures vanquished.

Notes
Turn   | Place    | Note
-------+----------+-------------------------------------------
     0 | D:1      | qw the Gargoyle Hunter began the quest for the Orb.
     0 | D:1      | Reached XP level 1. HP: 12/12 MP: 1/1
     0 | D:1      | 0 ||| qw: Version: 0.3-a-76-g4403597
     0 | D:1      | 0 ||| qw: Game counter: 506
     0 | D:1      | 0 ||| qw: Melee chars always use a shield: true
     0 | D:1      | 0 ||| qw: God list: Okawaru
     0 | D:1      | 0 ||| qw: Allow faded altars: false
     0 | D:1      | 0 ||| qw: Do Orc after clearing Dungeon:15 true
     0 | D:1      | 0 ||| qw: Do second Lair branch before Depths: true
     0 | D:1      | 0 ||| qw: Lair rune preference: random
     0 | D:1      | 0 ||| qw: Goals: Normal
     0 | D:1      | 0 ||| PLANNING D:1-11
    39 | D:1      | Reached XP level 2. HP: 17/17 MP: 2/2
   353 | D:1      | Reached XP level 3. HP: 21/21 MP: 3/3
   569 | D:1      | Reached skill level 5 in Ranged Weapons
   697 | D:1      | 697 ||| UPGRADING to +6 ring of dexterity.
   698 | D:1      | 698 ||| UPGRADING to +4 ring of protection.
   699 | D:1      | 699 ||| READING 2 scrolls labelled YTHREI VETE.
   704 | D:1      | 704 ||| READING scroll labelled JICLOR WYSUOMY.
   705 | D:1      | 705 ||| DROPPING scroll of butterflies.
   929 | D:2      | Reached skill level 3 in Fighting
   986 | D:2      | Reached XP level 4. HP: 28/28 MP: 4/4
  1288 | D:2      | 1288 ||| UPGRADING to +0 pair of gloves.
  1293 | D:2      | 1293 ||| READING scroll labelled ZURIES FYEPSYRHON.
  1294 | D:2      | 1294 ||| READING scroll labelled ZOYLEG DAPY.
  1295 | D:2      | 1295 ||| READING scroll labelled FOHUNY COIGGANN.
  1296 | D:2      | 1296 ||| DRINKING 2 murky dark potions.
  1296 | D:2      | Gained mutation: Your muscles are strong. (Str +4, Int/Dex
                  | -1) [potion of mutation]
  1296 | D:2      | Gained mutation: Your muscles are very strong. (Str +8,
                  | Int/Dex -2) [potion of mutation]
  1296 | D:2      | Gained mutation: Your large and strong wings let you fly.
                  | [potion of mutation]
  1297 | D:2      | 1297 ||| DRINKING 2 inky potions.
  1298 | D:2      | 1298 ||| DRINKING 3 glowing cyan potions.
  1299 | D:2      | 1299 ||| DROPPING potion of invisibility.
  1349 | D:3      | 1349 ||| STAIRDANCE
  1478 | D:3      | Noticed Robin
  1489 | D:3      | HP: 5/28 [goblin/+0 dagger[Robin] (4)]
  1490 | D:3      | 1490 ||| READING 3 scrolls of teleportation.
  1491 | D:3      | Slain by a goblin

Levels and vault maps discovered:
D:1:      saegor_arrival_simple_a, layout_loops_ring, minmay_door_square,
          st_stairs_14
D:2:      layout_loops_ring
D:3:      layout_loops_ring, minmay_misc_feat_rugged, uniq_robin

Skill      XL: |  1  2  3 |
---------------+----------+-----
Ranged Weapons | 5 |  5.8
Fighting       | 3 |  3.0
Dodging        | |  1.5
Stealth        | |  1.1

Action                     |  1- 3 |  4- 6 || total
---------------------------+-------+-------++-------
   Fire: Shortbow          |   105 |    53 ||   158
    Use: Scroll            |     2 |     4 ||     6
         Potion            |       |     3 ||     3
 Armour: Leather armour    |    16 |    31 ||    47
  Dodge: Dodged            |    30 |    32 ||    62

Table legend:
 A = Non-vault XP
 B = Vault XP
 C = Vault XP percentage of total XP
 D = Non-vault monster count
 E = Vault monster count
 F = Vault count percentage of total count
                 A         B        C        D         E       F
            +---------+---------+-------+---------+---------+-------
      Total |     154 |       7 |   4.3 |      57 |       4 |   6.6
            +---------+---------+-------+---------+---------+-------
        D:1 |      45 |       2 |   4.3 |      30 |       1 |   3.2
        D:2 |      80 |       0 |   0.0 |      22 |       0 |   0.0
        D:3 |      29 |       5 |  14.7 |       5 |       3 |  37.5
            +---------+---------+-------+---------+---------+-------
